TOP OF THE 1ST |
Milwaukee Brewers batting - Pitching for Detroit Tigers : RHP Eric Putnam
|
Pitching: RHP Eric Putnam
|
|
Batting: RHB Akitada Nishizawa
|
0-0: Ball 1-0: Ball 2-0: Ball 3-0: Called Strike 3-1: SOLO HOME RUN (Flyball, 8LXD, EV 115.6 MPH), Distance : 437 ft
|
Batting: SHB Junzo Kato
|
0-0: Called Strike 0-1: Foul Ball, location: 2F 0-2: Fly out, F6 (Line Drive, 6, EV 73.8 MPH)
|
Batting: SHB Lewis Thorpe Jr.
|
0-0: Ball 1-0: Ground out 5-3 (Groundball, 5S, EV 70.0 MPH)
|
Batting: LHB Eric Klasek
|
0-0: Ball 1-0: DOUBLE (Flyball, 78D, EV 105.0 MPH)
|
Batting: RHB Dave Gonzalez
|
0-0: Swinging Strike 0-1: Called Strike 0-2: Ball 1-2: Ball 2-2: Ball 3-2: Strikes out looking
|
Top of the 1st over - 1 run, 2 hits, 0 errors, 1 left on base; Milwaukee 1 - Detroit 0 |
BOTTOM OF THE 1ST |
Detroit Tigers batting - Pitching for Milwaukee Brewers : LHP Danny Lawson
|
Pitching: LHP Danny Lawson
|
|
Batting: RHB Dave Reynolds
|
0-0: Swinging Strike 0-1: Ball 1-1: Called Strike 1-2: Strikes out swinging
|
Batting: RHB Andres Leon
|
0-0: Ball 1-0: Ball 2-0: Called Strike 2-1: Ground out 6-3 (Groundball, 6, EV 85.6 MPH)
|
Batting: LHB Morgan Black
|
0-0: Called Strike 0-1: Foul Ball, location: 2F 0-2: Ball 1-2: Strikes out swinging
|
Bottom of the 1st over - 0 runs, 0 hits, 0 errors, 0 left on base; Milwaukee 1 - Detroit 0 |
TOP OF THE 2ND |
Milwaukee Brewers batting - Pitching for Detroit Tigers : RHP Eric Putnam
|
Batting: RHB Ryan Neal
|
0-0: Ball 1-0: Called Strike 1-1: Ball 2-1: Swinging Strike 2-2: Ball 3-2: Strikes out swinging
|
Batting: SHB Pat Wilson
|
0-0: Ball 1-0: Called Strike 1-1: Fly out, F3 (Popup, 34, EV 61.2 MPH)
|
Batting: RHB Kisho Ito
|
0-0: Fly out, F9 (Flyball, 89S, EV 94.4 MPH)
|
Top of the 2nd over - 0 runs, 0 hits, 0 errors, 0 left on base; Milwaukee 1 - Detroit 0 |
BOTTOM OF THE 2ND |
Detroit Tigers batting - Pitching for Milwaukee Brewers : LHP Danny Lawson
|
Batting: RHB Chris Wheatley
|
0-0: Swinging Strike 0-1: Ball 1-1: SINGLE (Groundball, 5D, EV 98.1 MPH)
|
Batting: SHB Ross Holland
|
0-0: Grounds into double play, 4-6-3 (Groundball, 4, EV 104.4 MPH)
|
Batting: RHB Rich Stinson
|
0-0: Called Strike 0-1: Ball 1-1: Foul Ball, location: 2F 1-2: Ball 2-2: Strikes out swinging
|
Bottom of the 2nd over - 0 runs, 1 hit, 0 errors, 0 left on base; Milwaukee 1 - Detroit 0 |
TOP OF THE 3RD |
Milwaukee Brewers batting - Pitching for Detroit Tigers : RHP Eric Putnam
|
Batting: RHB Ben Campbell
|
0-0: Swinging Strike 0-1: Ball 1-1: Foul Ball, location: 2F 1-2: Foul Ball, location: 2F 1-2: Strikes out swinging
|
Batting: RHB Akitada Nishizawa
|
0-0: Ball 1-0: Called Strike 1-1: Called Strike 1-2: Ball 2-2: Ball 3-2: Fly out, F9 (Flyball, 9D, EV 99.4 MPH)
|
Batting: SHB Junzo Kato
|
0-0: Called Strike 0-1: Ground out 4-3 (Groundball, 4, EV 82.5 MPH)
|
Top of the 3rd over - 0 runs, 0 hits, 0 errors, 0 left on base; Milwaukee 1 - Detroit 0 |
BOTTOM OF THE 3RD |
Detroit Tigers batting - Pitching for Milwaukee Brewers : LHP Danny Lawson
|
Batting: RHB Dan Friess
|
0-0: Ball 1-0: Ball 2-0: Ball 3-0: Base on Balls
|
Batting: RHB Willis Morales
|
0-0: Called Strike 0-1: Ball 1-1: Ball 2-1: Foul Ball, location: 2F 2-2: Ball 3-2: Strikes out looking
|
Batting: SHB Adam Weber
|
0-0: Ball 1-0: Called Strike 1-1: Fly out, F8 (Flyball, 8RXD, EV 103.1 MPH)
|
Batting: RHB Dave Reynolds
|
0-0: Ball 1-0: Swinging Strike 1-1: Ball 2-1: Swinging Strike 2-2: Strikes out swinging
|
Bottom of the 3rd over - 0 runs, 0 hits, 0 errors, 1 left on base; Milwaukee 1 - Detroit 0 |
TOP OF THE 4TH |
Milwaukee Brewers batting - Pitching for Detroit Tigers : RHP Eric Putnam
|
Batting: SHB Lewis Thorpe Jr.
|
0-0: Ball 1-0: Ball 2-0: Foul Ball, location: 2F 2-1: Ball 3-1: SINGLE (Groundball, 4M, EV 111.2 MPH) (infield hit)
|
Batting: LHB Eric Klasek
|
0-0: Fly out, F8 (Flyball, 8LD, EV 95.6 MPH)
|
Batting: RHB Dave Gonzalez
|
0-0: Foul Ball, location: 2F 0-1: SINGLE (Line Drive, 7S, EV 93.1 MPH) Lewis Thorpe Jr. to second
|
Batting: RHB Ryan Neal
|
0-0: Ball Lewis Thorpe Jr. is caught stealing 3rd base 2-5 Dave Gonzalez to second 1-0: Ball 2-0: Fly out, F7 (Line Drive, 7, EV 106.2 MPH)
|
Top of the 4th over - 0 runs, 2 hits, 0 errors, 1 left on base; Milwaukee 1 - Detroit 0 |
BOTTOM OF THE 4TH |
Detroit Tigers batting - Pitching for Milwaukee Brewers : LHP Danny Lawson
|
Batting: RHB Andres Leon
|
0-0: Foul Ball, location: 2F 0-1: Ball 1-1: SINGLE (Groundball, 56D, EV 95.0 MPH)
|
Batting: LHB Morgan Black
|
0-0: Ball 1-0: SINGLE (Groundball, 4M, EV 109.4 MPH) (infield hit) Andres Leon to second
|
Batting: RHB Chris Wheatley
|
0-0: Grounds into double play, 5-4-3 (Groundball, 56, EV 91.2 MPH) Andres Leon to third
|
Batting: SHB Ross Holland
|
0-0: Ball 1-0: Ball 2-0: Called Strike 2-1: Ball 3-1: Base on Balls
|
Batting: RHB Rich Stinson
|
0-0: Ball 1-0: Called Strike 1-1: Swinging Strike 1-2: Strikes out looking
|
Bottom of the 4th over - 0 runs, 2 hits, 0 errors, 2 left on base; Milwaukee 1 - Detroit 0 |
TOP OF THE 5TH |
Milwaukee Brewers batting - Pitching for Detroit Tigers : RHP Eric Putnam
|
Batting: SHB Pat Wilson
|
0-0: Ball 1-0: Swinging Strike 1-1: Swinging Strike 1-2: Fly out, F7 (Flyball, 7, EV 85.6 MPH)
|
Batting: RHB Kisho Ito
|
0-0: SINGLE (Line Drive, 4M, EV 95.6 MPH)
|
Batting: RHB Ben Campbell
|
0-0: Called Strike 0-1: Foul Ball, location: 2F 0-2: Ball 1-2: Grounds into double play, 3-6-3 (Groundball, 3, EV 100.0 MPH)
|
Top of the 5th over - 0 runs, 1 hit, 0 errors, 0 left on base; Milwaukee 1 - Detroit 0 |
BOTTOM OF THE 5TH |
Detroit Tigers batting - Pitching for Milwaukee Brewers : LHP Danny Lawson
|
Batting: RHB Dan Friess
|
0-0: Called Strike 0-1: Ball 1-1: Ball 2-1: Ball 3-1: Fly out, F7 (Flyball, 7LSF, EV 78.8 MPH)
|
Batting: RHB Willis Morales
|
0-0: Fly out, F7 (Flyball, 78S, EV 91.9 MPH)
|
Batting: SHB Adam Weber
|
0-0: Swinging Strike 0-1: Ball 1-1: Ball 2-1: Ball 3-1: Foul Ball, location: 2F 3-2: Foul Ball, location: 2F 3-2: Base on Balls
|
Batting: RHB Dave Reynolds
|
0-0: Fly out, F8 (Line Drive, 8RM, EV 91.9 MPH)
|
Bottom of the 5th over - 0 runs, 0 hits, 0 errors, 1 left on base; Milwaukee 1 - Detroit 0 |
TOP OF THE 6TH |
Milwaukee Brewers batting - Pitching for Detroit Tigers : RHP Eric Putnam
|
Batting: RHB Akitada Nishizawa
|
0-0: Foul Ball, location: 2F 0-1: Ball 1-1: Ball 2-1: Called Strike 2-2: Strikes out looking
|
Batting: SHB Junzo Kato
|
0-0: Ball 1-0: Foul Ball, location: 2F 1-1: Ball 2-1: Swinging Strike 2-2: Foul Ball, location: 2F 2-2: Ball 3-2: Base on Balls
|
Batting: SHB Lewis Thorpe Jr.
|
0-0: Called Strike 0-1: Called Strike 0-2: Foul Ball, location: 2F 0-2: Ball 1-2: Foul Ball, location: 2F 1-2: Ball 2-2: Ball 3-2: Strikes out swinging Junzo Kato steals 2nd base Batter strikes out.
|
Batting: LHB Eric Klasek
|
0-0: Ball 1-0: Called Strike 1-1: Ball 2-1: Swinging Strike 2-2: Fly out, F9 (Line Drive, 9S, EV 91.9 MPH)
|
Top of the 6th over - 0 runs, 0 hits, 0 errors, 1 left on base; Milwaukee 1 - Detroit 0 |
BOTTOM OF THE 6TH |
Detroit Tigers batting - Pitching for Milwaukee Brewers : LHP Danny Lawson
|
Batting: RHB Andres Leon
|
0-0: Ball 1-0: SINGLE (Groundball, 4MD, EV 96.2 MPH)
|
Batting: LHB Morgan Black
|
0-0: Ball 1-0: Ball 2-0: Called Strike 2-1: Fly out, F9 (Flyball, 9S, EV 88.1 MPH)
|
Batting: RHB Chris Wheatley
|
0-0: Called Strike 0-1: Foul Ball, location: 2F 0-2: Ball 1-2: Foul Ball, location: 2F 1-2: Strikes out swinging
|
Batting: SHB Ross Holland
|
0-0: Ball Andres Leon steals 2nd base 1-0: Foul Ball, location: 2F 1-1: Ball 2-1: Foul Ball, location: 2F 2-2: Foul Ball, location: 2F 2-2: Ball 3-2: SINGLE (Line Drive, 34D, EV 100.6 MPH) Andres Leon to third Runner from 3rd tries for Home, SAFE, throw by RF to home
|
Batting: RHB Rich Stinson
|
0-0: Foul Ball, location: 2F 0-1: Swinging Strike 0-2: Ball 1-2: Fielders Choice at 2nd, 5-4 (Groundball, 56, EV 81.2 MPH)
|
Bottom of the 6th over - 1 run, 2 hits, 0 errors, 1 left on base; Milwaukee 1 - Detroit 1 |
TOP OF THE 7TH |
Milwaukee Brewers batting - Pitching for Detroit Tigers : RHP Eric Putnam
|
Batting: RHB Dave Gonzalez
|
0-0: SINGLE (Groundball, 56D, EV 109.4 MPH)
|
Batting: RHB Ryan Neal
|
0-0: Bunt missed! 0-1: Ball 1-1: Sac Bunt to 25 - play at second, runner OUT! 5-6
|
Batting: SHB Pat Wilson
|
0-0: Swinging Strike 0-1: Foul Ball, location: 2F 0-2: Ground out 4-3 (Groundball, 34D, EV 103.1 MPH) Ryan Neal to second
|
Batting: RHB Kisho Ito
|
0-0: Swinging Strike 0-1: Foul Ball, location: 2F 0-2: Strikes out swinging
|
Top of the 7th over - 0 runs, 1 hit, 0 errors, 1 left on base; Milwaukee 1 - Detroit 1 |
BOTTOM OF THE 7TH |
Detroit Tigers batting - Pitching for Milwaukee Brewers : LHP Danny Lawson
|
Batting: RHB Dan Friess
|
0-0: Swinging Strike 0-1: Swinging Strike 0-2: Ball 1-2: Ball 2-2: Strikes out swinging
|
Batting: RHB Willis Morales
|
0-0: Foul Ball, location: 2F 0-1: Ball 1-1: Ground out U3 (Groundball, 3L, EV 85.6 MPH)
|
Batting: SHB Adam Weber
|
0-0: Ball 1-0: Swinging Strike 1-1: Ball 2-1: Ball 3-1: SINGLE (Line Drive, 7S, EV 93.8 MPH)
|
Pitching: RHP Cody Autry
|
|
Batting: RHB Dave Reynolds
|
0-0: Ball 1-0: Fly out, F4 (Line Drive, 4, EV 67.5 MPH)
|
Bottom of the 7th over - 0 runs, 1 hit, 0 errors, 1 left on base; Milwaukee 1 - Detroit 1 |
TOP OF THE 8TH |
Milwaukee Brewers batting - Pitching for Detroit Tigers : RHP Eric Putnam
|
Pitching: RHP Bobby Wright
|
|
Batting: RHB Ben Campbell
|
0-0: Swinging Strike 0-1: Called Strike 0-2: Ground out 4-3 (Groundball, P, EV 89.4 MPH)
|
Batting: RHB Akitada Nishizawa
|
0-0: Ball 1-0: Foul Ball, location: 2F 1-1: Foul Ball, location: 2F 1-2: Ball 2-2: Ball 3-2: Strikes out swinging
|
Batting: SHB Junzo Kato
|
0-0: Ball 1-0: Called Strike 1-1: Foul Ball, location: 2F 1-2: Ball 2-2: Strikes out looking
|
Top of the 8th over - 0 runs, 0 hits, 0 errors, 0 left on base; Milwaukee 1 - Detroit 1 |
BOTTOM OF THE 8TH |
Detroit Tigers batting - Pitching for Milwaukee Brewers : RHP Cody Autry
|
Pinch Hitting: LHB Tyler Davis
|
0-0: Ground out U3 (Groundball, 34S, EV 85.0 MPH)
|
Batting: LHB Morgan Black
|
0-0: Ball 1-0: Ground out 1-3 (Groundball, 13, EV 65.6 MPH)
|
Pinch Hitting: LHB Conrad Taylor
|
0-0: Ball 1-0: Ball 2-0: Called Strike 2-1: Swinging Strike 2-2: Foul Ball, location: 2F 2-2: Ball 3-2: Foul Ball, location: 2F 3-2: Ground out 3-1 (Groundball, 34, EV 78.1 MPH)
|
Bottom of the 8th over - 0 runs, 0 hits, 0 errors, 0 left on base; Milwaukee 1 - Detroit 1 |
TOP OF THE 9TH |
Milwaukee Brewers batting - Pitching for Detroit Tigers : RHP Bobby Wright
|
Pitching: RHP Kevin Hockenbury
|
|
Now at 1B: Conrad Taylor
|
|
Now at 3B: Brady Jeleniewski
|
|
Batting: SHB Lewis Thorpe Jr.
|
0-0: Called Strike 0-1: Ball 1-1: Ball 2-1: Swinging Strike 2-2: Foul Ball, location: 2F 2-2: Foul Ball, location: 2F 2-2: Strikes out swinging
|
Batting: LHB Eric Klasek
|
0-0: Swinging Strike 0-1: Ball 1-1: Fly out, F3 (Line Drive, 3L, EV 65.6 MPH)
|
Batting: RHB Dave Gonzalez
|
0-0: Swinging Strike 0-1: Ball 1-1: Called Strike 1-2: Strikes out looking
|
Top of the 9th over - 0 runs, 0 hits, 0 errors, 0 left on base; Milwaukee 1 - Detroit 1 |
BOTTOM OF THE 9TH |
Detroit Tigers batting - Pitching for Milwaukee Brewers : RHP Cody Autry
|
Batting: SHB Ross Holland
|
0-0: Ball 1-0: Called Strike 1-1: Called Strike 1-2: Ball 2-2: Foul Ball, location: 2F 2-2: Strikes out swinging
|
Batting: RHB Rich Stinson
|
0-0: Called Strike 0-1: Swinging Strike 0-2: Foul Ball, location: 2F 0-2: Ball 1-2: Ball 2-2: Strikes out looking
|
Pinch Hitting: LHB Frank McConnell
|
0-0: Ball 1-0: Ground out 4-3 (Groundball, 4, EV 101.2 MPH)
|
Bottom of the 9th over - 0 runs, 0 hits, 0 errors, 0 left on base; Milwaukee 1 - Detroit 1 |
TOP OF THE 10TH |
Milwaukee Brewers batting - Pitching for Detroit Tigers : RHP Kevin Hockenbury
|
Now at C: Jerry Jauregui
|
|
Batting: RHB Ryan Neal
|
0-0: Ball 1-0: Ball 2-0: Ball 3-0: Base on Balls
|
Batting: SHB Pat Wilson
|
0-0: Called Strike 0-1: Called Strike 0-2: Ball 1-2: Foul Ball, location: 2F 1-2: Ball 2-2: SINGLE (Line Drive, 34, EV 99.4 MPH) Ryan Neal to second Runner from 2nd tries for 3rd, SAFE, throw by RF made to third
|
Pinch Hitting: LHB Ernesto Cedillos
|
0-0: Ball 1-0: Called Strike 1-1: Fly out, F9 (Line Drive, 89D, EV 98.8 MPH) Runner from 3rd tags up, SCORES, no throw by RF
|
Batting: RHB Ben Campbell
|
0-0: Ball 1-0: Ball 2-0: Called Strike 2-1: Foul Ball, location: 2F 2-2: 2-RUN HOME RUN (Flyball, 7D, EV 100.0 MPH), Distance : 384 ft
|
Pitching: RHP Steve McGaughey
|
|
Batting: RHB Akitada Nishizawa
|
0-0: Ball 1-0: Called Strike 1-1: Foul Ball, location: 2F 1-2: SOLO HOME RUN (Flyball, 7D, EV 95.6 MPH), Distance : 390 ft
|
Batting: SHB Junzo Kato
|
0-0: Swinging Strike 0-1: Ball 1-1: Foul Ball, location: 2F 1-2: Strikes out swinging
|
Batting: SHB Lewis Thorpe Jr.
|
0-0: Swinging Strike 0-1: Ball 1-1: Ball 2-1: Ball 3-1: Called Strike 3-2: Ground out 5-3 (Groundball, 56, EV 90.6 MPH)
|
Top of the 10th over - 4 runs, 3 hits, 0 errors, 0 left on base; Milwaukee 5 - Detroit 1 |
BOTTOM OF THE 10TH |
Detroit Tigers batting - Pitching for Milwaukee Brewers : RHP Cody Autry
|
Now at SS: Noah Stanley
|
|
Batting: RHB Willis Morales
|
0-0: Foul Ball, location: 2F 0-1: DOUBLE (Line Drive, 7LM, EV 107.5 MPH)
|
Batting: SHB Adam Weber
|
0-0: Swinging Strike 0-1: Foul Ball, location: 2F 0-2: Strikes out swinging
|
Pitching: RHP John Owens
|
|
Batting: RHB Dave Reynolds
|
0-0: Ball 1-0: Called Strike 1-1: Ball 2-1: Called Strike 2-2: Fly out, F8 (Flyball, 78D, EV 77.5 MPH)
|
Batting: RHB Brady Jeleniewski
|
0-0: Called Strike 0-1: Ball 1-1: Ball 2-1: Called Strike 2-2: Ball 3-2: Foul Ball, location: 2F 3-2: Base on Balls
|
Batting: LHB Morgan Black
|
0-0: Ball 1-0: Swinging Strike 1-1: Ball 2-1: Foul Ball, location: 2F 2-2: Foul Ball, location: 2F 2-2: Ball 3-2: Base on Balls Willis Morales to third Brady Jeleniewski to second
|
Batting: LHB Conrad Taylor
|
0-0: Foul Ball, location: 2F 0-1: Ball 1-1: Foul Ball, location: 2F 1-2: Strikes out swinging
|
Bottom of the 10th over - 0 runs, 1 hit, 0 errors, 3 left on base; Milwaukee 5 - Detroit 1 |
|